 Dungeon Crawl Stone Soup version 0.28.0-53-g5a82cb258f (webtiles) character file.

Game seed: 83916006123014098

87305 Ijustatesigmund the Arsonist (level 15, -6/128 HPs)
             Began as a Hill Orc Fire Elementalist on July 14, 2022.
             Was the Champion of Cheibriados.
             Mangled by a caustic shrike simulacrum (8 damage)
             ... led by a necromancer
             ... on level 1 of the Depths on July 15, 2022.
             The game lasted 01:36:06 (34700 turns).

Ijustatesigmund the Arsonist (HOFE)                Turns: 34700, Time: 01:36:07

Health: -6/128     AC: 12    Str: 28    XL:     15   Next: 90%
Magic:  24/37      EV: 19    Int: 36    God:    Cheibriados [******]
Gold:   1116       SH:  8    Dex: 29    Spells: 12/32 levels left

rFire   + . .      SeeInvis .   c - +4 broad axe (protect)
rCold   . . .      Faith    .   i - +1 buckler
rNeg    . . .      Spirit   .   a - +1 leather armour "Ismiurgh" {Regen+ rCorr Dex+3}
rPois   +          Reflect  .   l - +0 helmet
rElec   .          Harm     .   G - scarf {repulsion}
rCorr   +          Rampage  .   M - +2 pair of gloves {Stlth+}
Will    +....                   p - +2 pair of boots {Fly}
Stlth   +++.......              s - amulet of Plog {rPois rF+ Regen+}
HPRegen 1.91/turn               B - ring of magical power
MPRegen 0.25/turn               R - +4 ring of evasion

@: flying, repel missiles, very slow
A: no striking features
a: Renounce Religion, Bend Time, Temporal Distortion, Slouch, Step From Time


You were on level 1 of the Depths.
You worshipped Cheibriados.
Cheibriados was exalted by your worship.
You visited 5 branches of the dungeon, and saw 25 of its levels.
You also visited: Bailey.

You collected 2261 gold pieces.
You spent 1145 gold pieces at shops.

Inventory:

Hand Weapons
 c - a +4 broad axe of protection (weapon)
 k - a +5 broad axe
Armour
 a - the +1 leather armour "Ismiurgh" (worn) {Regen+ rCorr Dex+3}
   (You found it on level 7 of the Dungeon)

   Dex:       It affects your dexterity (+3).
   Regen:     It increases your rate of health regeneration.
   rCorr:     It protects you from acid and corrosion.
 h - a +1 cloak of willpower
 i - a +1 buckler (worn)
 l - a +0 helmet (worn)
 p - a +2 pair of boots of flying (worn)
 C - the +4 leather armour of Honour {Slay+2}
   (You found it in a bailey)

   Slay:      It affects your accuracy & damage with ranged weapons and melee
   (+2).
 G - a scarf of repulsion (worn)
 M - a +2 pair of gloves of stealth (worn)
 S - the +5 leather armour "Seyh" {+Blink Will+}
   (You found it on level 4 of the Lair of Beasts)

   +Blink:    It lets you blink.
   Will:      It increases your willpower.
Magical Staves
 D - a staff of fire
Jewellery
 s - the amulet of Plog (around neck) {rPois rF+ Regen+}
   (You acquired it on level 10 of the Dungeon)

   [amulet of regeneration]

   rF:        It protects you from fire.
   rPois:     It protects you from poison.
   Regen:     It increases your rate of health regeneration.
 w - a ring of poison resistance
 z - a ring of fire
 B - a ring of magical power (left hand)
 H - a ring of flight
 I - an amulet of reflection
 K - a ring of willpower
 O - a ring of protection from fire
 R - a +4 ring of evasion (right hand)
Wands
 b - a wand of polymorph (33)
 y - a wand of mindburst (2)
 E - a wand of iceblast (1)
 P - a wand of acid (16)
 X - a wand of flame (16)
Scrolls
 d - 4 scrolls of amnesia
 g - 3 scrolls of teleportation
 o - 3 scrolls of fear
 r - 2 scrolls of fog
 v - 2 scrolls of magic mapping
 x - 2 scrolls of holy word
 J - 2 scrolls of identify
 Q - 2 scrolls of immolation
 W - a scroll of blinking
 Y - a scroll of brand weapon
Potions
 e - a potion of might
 f - 5 potions of curing
 j - a potion of resistance
 m - a potion of heal wounds
 n - 3 potions of haste
 q - 2 potions of lignification
 t - 5 potions of attraction
 u - 3 potions of mutation
 A - 4 potions of magic
 F - 3 potions of flight
 L - 6 potions of ambrosia
 N - a potion of cancellation
 U - a potion of brilliance
 Z - a potion of invisibility
Miscellaneous
 T - a box of beasts


   Skills:
 - Level 10.6 Fighting
 - Level 9.2(10.1) Axes
 - Level 5.3(7.3) Maces & Flails
 - Level 6.2 Armour
 - Level 3.8 Dodging
 - Level 1.5 Stealth
 - Level 3.8 Shields
 - Level 9.1 Spellcasting
 - Level 11.1 Conjurations
 + Level 7.6 Necromancy
 - Level 13.0 Fire Magic
 - Level 8.0 Poison Magic
 - Level 10.0 Invocations
 - Level 4.7 Evocations


You had 12 spell levels left.
You knew the following spells:

 Your Spells              Type           Power      Damage    Failure   Level
a - Foxfire               Conj/Fire      100%       2x1d9     1%          1
b - Scorch                Fire           100%       2d10      1%          2
c - Flame Wave            Conj/Fire      80%        2d14      1%          4
d - Fireball              Conj/Fire      40%        3d16      1%          5
e - Olgreb's Toxic Radia  Pois           65%        N/A       1%          4
f - Dispel Undead         Necr           64%        3d22      1%          4

Your spell library contained the following spells:

 Spells                   Type           Power      Damage    Failure   Level
 Shock                    Conj/Air       100%       1d9       1%          1
 Sting                    Tmut/Pois      100%       1d8       1%          1
 Poisonous Vapours        Pois/Air       90%        N/A       1%          2
 Static Discharge         Conj/Air       54%        N/A       1%          2
 Conjure Flame            Conj/Fire      80%        6-21      1%          3
 Inner Flame              Hex/Fire       58%        N/A       1%          3
 Sticky Flame             Conj/Fire      80%        2d9       1%          4
 Starburst                Conj/Fire      40%        6d11      4%          6
 Call Canine Familiar     Summ           16%        N/A       11%         3
 Gell's Gravitas          Tloc           16%        N/A       11%         3
 Portal Projectile        Hex/Tloc       32%        N/A       11%         3
 Swiftness                Air            16%        N/A       11%         3
 Teleport Other           Tloc           16%        N/A       11%         3
 Airstrike                Air            8%         N/A       36%         4
 Leda's Liquefaction      Hex/Erth       8%         N/A       36%         4
 Ignition                 Fire           41%        3d12      75%         8
 Dispersal                Tloc           8%         N/A       99%         6
 Disjunction              Tloc           8%         N/A       100%        8


Dungeon Overview and Level Annotations

Branches:
Dungeon (15/15)            Temple (1/1) D:6            Lair (6/6) D:11
  Swamp (0/4) Lair:2        Snake (0/4) Lair:3        Slime (0/5) Lair:5
    Orc (2/2) D:9             Elf (0/3) Orc:2        Vaults (0/5) D:14
 Depths (1/4) D:15         Bailey (visited)

Altars:
Ashenzari
Cheibriados
Dithmenos
Elyvilon
Fedhas
Gozag
Hepliaklqana
Kikubaaqudgha
Makhleb
Nemelex Xobeh
Okawaru
Qazlal
Ru
Sif Muna
Trog
Uskayaw
Vehumet
Wu Jian
Xom
Yredelemnul
Zin
The Shining One
Beogh
Jiyva

Shops:
D:7 =   Orc:2 *=!(:

Annotations:
Lair:6 3 runed translucent doors, exclusion: oklob plant, Kaptain's ghost, journeyman GrEE


Message History

Casting: Scorch (safe; 1% risk of failure)
Confirm with . or Enter, or press ? or * to list all spells.
Aiming: Dispel Undead (mildly dangerous; 1% risk of failure)
Press: ? - help, Shift-Dir - straight line, f - ettin skeleton
Aim: an ettin skeleton (100% to hit)
The ettin skeleton is dispelled!!
The ettin skeleton hits you!
The ettin skeleton hits you but does no damage.
Casting: Dispel Undead (mildly dangerous; 1% risk of failure)
Confirm with . or Enter, or press ? or * to list all spells.
Aiming: Dispel Undead (mildly dangerous; 1% risk of failure)
Press: ? - help, Shift-Dir - straight line, f/p - ettin skeleton
Aim: an ettin skeleton (moderately damaged, 100% to hit)
The ettin skeleton is dispelled!!
A caustic shrike simulacrum comes into view.
You block the ettin skeleton's attack. x2
Casting: Dispel Undead (mildly dangerous; 1% risk of failure)
Confirm with . or Enter, or press ? or * to list all spells.
Casting: Flame Wave (safe; 1% risk of failure)
Press: ? - help, Dir - look around, f - activate A wave of flame ripples out!
The flame wave engulfs the ettin skeleton!
The ettin skeleton is severely damaged. (Press . to intensify the flame waves.)
The caustic shrike simulacrum claws you but does no damage.
The ettin skeleton hits you but does no damage.
You block the ettin skeleton's attack.
A wave of flame ripples out!
The flame wave engulfs the ettin skeleton!
The ettin skeleton is almost destroyed.
The flame wave engulfs the caustic shrike simulacrum!!!
The caustic shrike simulacrum melts!
The caustic shrike simulacrum is severely damaged.
The flame wave engulfs the hell knight skeleton!
The hell knight skeleton is lightly damaged.
You hear a deafening roar!
The caustic shrike simulacrum claws you!
The caustic shrike simulacrum freezes you!!!
* * * LOW HITPOINT WARNING * * *
The caustic shrike simulacrum claws you!
You die...

### #.# #.# #.# #.#
#.# #.. #.# #.#
#.#######.#
#..<.....Z#
#.#######Z#
#####..# ###@##.#
#......# #...Z..#
######'####'#######
#...............#
#.#############.#
#.#######≈≈≈≈≈#.+
#.#######≈≈≈≈≈#.#
+.#######≈≈≈≈≈#.#
#.#######≈≈≈≈≈#.#


You could see a caustic shrike simulacrum, an ettin skeleton and a hell knight
skeleton.

Vanquished Creatures
  Azrael (D:14)
  A dire elephant (D:15)
  A fire dragon (Lair:6)
  12 hydras
  An ice dragon (Lair:5)
  6 boulder beetles
  4 centaur warriors
  2 dancing weapons (D:14)
  3 death yaks
  A two-headed ogre (D:13)
  The ghost of duchin the Gusty, a novice DrAE (D:8)
  A tengu warrior (D:14)
  2 orc high priests (Orc:2)
  5 skeletal warriors (D:15)
  2 harpies
  A swamp dragon (Lair:6)
  A deep elf zephyrmancer (Bailey)
  5 orc knights
  A wizard (D:14)
  A necromancer (Depths:1)
  A lindwurm (Lair:3)
  3 deep elf pyromancers
  3 orc sorcerers
  2 wolf spiders (D:15)
  3 cyclopes
  A salamander (D:15)
  2 oklob plants (D:11)
  6 ugly things
  5 manticores
  6 black mambas
  A torpor snail (Lair:4)
  Joseph (Lair:1)
  The ghost of kalagan the Conjurer, a novice DECj of Sif Muna (D:5)
  The ghost of crawlogic the Slasher, a novice DrFi (D:6)
  A gargoyle (D:13)
  9 cane toads
  An efreet (D:13)
  An unseen horror (D:12)
  12 komodo dragons
  4 rime drakes
  9 yaktaurs
  2 tengu conjurers (D:14)
  5 trolls
  A queen bee (D:9)
  6 polar bears
  A spriggan zombie (Depths:1)
  22 blink frogs
  A meliai zombie (D:10)
  Sigmund (D:2)
  4 shadows
  4 wraiths
  2 wyverns
  5 fire elementals (D:14)
  15 vampire mosquitoes
  32 yaks
  7 basilisks
  The ghost of crawlogic the Slasher, an amateur DgFi (D:6)
  A steam dragon (D:8)
  7 wargs
  4 nagas (Lair:3)
  2 acid dragons
  8 water moccasins
  42 orc warriors
  2 hell hounds (D:14)
  4 swamp drakes (Lair:6)
  2 ice beasts
  A sky beast (D:6)
  5 ogres
  2 necrophages (D:8)
  A hornet zombie (D:8)
  5 boggarts (D:14)
  14 wolves
  A centaur (shapeshifter) (D:14)
  17 centaurs
  A phantom (D:4)
  10 bullfrogs
  A kobold brigand (D:8)
  2 wyvern zombies (D:8)
  2 scorpions
  5 wights (D:8)
  31 killer bees
  9 howler monkeys
  2 bullfrog zombies
  4 centaur zombies
  3 hounds
  A human zombie (D:8)
  12 orc priests
  4 jellies
  Crazy Yiuf (D:3)
  Jessica (D:2)
  Terence (D:3)
  6 iguanas
  21 orc wizards
  7 hell rats
  A hound skeleton (D:4)
  4 mummies
  Robin (D:2)
  A howler monkey zombie (D:8)
  8 adders
  A howler monkey skeleton (D:5)
  A shadow imp (D:6)
  2 white imps (Lair:5)
  An ufetubus (D:2)
  An adder skeleton (D:4)
  5 worms
  3 dart slugs (D:2)
  58 orcs
  An endoplasm (D:3)
  2 giant cockroaches (D:2)
  16 goblins
  7 hobgoblins (D:2)
  6 quokkas
  9 ball pythons
  8 bats
  3 frilled lizards
  3 hobgoblin zombies (D:7)
  11 kobolds
  A kobold zombie (D:7)
  8 rats
638 creatures vanquished.

Vanquished Creatures (others)
  A tengu warrior (D:15)
  A wizard (D:14)
  A harpy (D:15)
  A blink frog (Lair:3)
  292 foxfires
  23 fungi
  40 plants
  8 withered plants
367 creatures vanquished.

Grand Total: 1005 creatures vanquished

Notes
Turn   | Place    | Note
-------+----------+-------------------------------------------
     0 | D:1      | Ijustatesigmund the Hill Orc Fire Elementalist began the
                  | quest for the Orb.
     0 | D:1      | Reached XP level 1. HP: 14/14 MP: 3/3
   766 | D:1      | Reached XP level 2. HP: 19/20 MP: 2/4
  1182 | D:1      | Found a faded altar of an unknown god.
  1229 | D:1      | Learned a level 2 spell: Scorch
  1846 | D:2      | Noticed Jessica
  1850 | D:2      | Killed Jessica
  1851 | D:2      | Reached skill level 1 in Fighting
  1851 | D:2      | Reached skill level 1 in Axes
  1851 | D:2      | Reached skill level 4 in Fire Magic
  1851 | D:2      | Reached XP level 3. HP: 27/28 MP: 1/5
  1928 | D:2      | Noticed Sigmund
  2076 | D:3      | Reached XP level 4. HP: 35/35 MP: 1/6
  2105 | D:3      | Noticed Terence
  2258 | D:3      | Found a shadowy altar of Dithmenos.
  2307 | D:3      | Killed Terence
  3058 | D:3      | Reached XP level 5. HP: 26/41 MP: 2/7
  3396 | D:3      | Found a runed translucent door.
  3497 | D:3      | Noticed Crazy Yiuf
  3506 | D:3      | Killed Crazy Yiuf
  4099 | D:4      | Reached skill level 1 in Shields
  4116 | D:4      | Noticed a phantom
  4479 | D:4      | Killed a phantom
  4480 | D:4      | Reached XP level 6. HP: 41/48 MP: 5/8
  4788 | D:4      | Found an iron altar of Okawaru.
  5554 | D:5      | Entered Level 5 of the Dungeon
  5662 | D:2      | Noticed Robin
  5669 | D:2      | Killed Robin
  5676 | D:2      | Reached XP level 7. HP: 38/53 MP: 6/10
  6017 | D:2      | Killed Sigmund
  6018 | D:2      | Reached skill level 5 in Fire Magic
  7466 | D:5      | Found a glowing silver altar of Zin.
  7530 | D:5      | Reached skill level 6 in Fire Magic
  7530 | D:5      | Reached XP level 8. HP: 20/61 MP: 1/12
  8183 | D:5      | Found a transporter.
  8710 | D:5      | Reached skill level 1 in Maces & Flails
  8710 | D:5      | Reached skill level 5 in Conjurations
  9019 | D:5      | Found a sacrificial altar of Ru.
  9020 | D:5      | Found an opulent altar of Gozag.
  9068 | D:5      | Found a transporter.
  9071 | D:5      | Noticed kalagan's ghost (novice DECj)
  9161 | D:6      | Reached skill level 5 in Maces & Flails
  9161 | D:6      | Reached skill level 5 in Armour
  9161 | D:6      | Reached skill level 5 in Spellcasting
  9161 | D:6      | Reached skill level 8 in Fire Magic
  9161 | D:6      | Reached XP level 9. HP: 78/78 MP: 13/16
  9167 | D:6      | Learned a level 4 spell: Flame Wave
  9191 | D:6      | Found a runed translucent gate.
  9191 | D:6      | Found a runed translucent gate.
  9191 | D:6      | Found a runed translucent gate.
  9326 | D:6      | Noticed crawlogic's ghost (novice DrFi)
  9326 | D:6      | Noticed crawlogic's ghost (amateur DgFi)
  9468 | D:6      | Found a hazy altar of Hepliaklqana.
  9527 | D:6      | Found a staircase to the Ecumenical Temple.
  9576 | Temple   | Entered the Ecumenical Temple
  9738 | Temple   | Became a worshipper of Cheibriados the Contemplative
 10571 | D:7      | Reached skill level 1 in Invocations
 10802 | D:7      | Found Jimur's Jewellery Shoppe.
 10860 | D:7      | Identified the +1 leather armour "Ismiurgh" {Regen+ rCorr
                  | Dex+3}
 11707 | D:8      | Reached XP level 10. HP: 62/82 MP: 5/17
 11929 | D:8      | Reached * piety under Cheibriados
 12024 | D:8      | Found a shimmering blue altar of Sif Muna.
 12121 | D:8      | Reached skill level 5 in Axes
 12249 | D:8      | Found a runed translucent door.
 12250 | D:8      | Noticed duchin's ghost (novice DrAE)
 12439 | D:8      | Found a basalt altar of Yredelemnul.
 12447 | D:8      | Reached skill level 5 in Invocations
 12824 | D:9      | Found a flagged portal.
 12906 | Bailey   | Entered a bailey
 12995 | Bailey   | Reached ** piety under Cheibriados
 13004 | Bailey   | Reached skill level 1 in Evocations
 13101 | Bailey   | Noticed an orc knight
 13120 | Bailey   | Killed an orc knight
 13392 | Bailey   | Found a large runed translucent door.
 13392 | Bailey   | Found a large runed translucent door.
 13393 | Bailey   | Noticed a deep elf zephyrmancer
 13462 | Bailey   | Killed a deep elf zephyrmancer
 13463 | Bailey   | Reached XP level 11. HP: 91/91 MP: 15/18
 13503 | Bailey   | Identified the +4 leather armour of Honour {Slay+2}
 13509 | Bailey   | Identified the +6 plate armour "Umelol" {*Slow rC+ Will++
                  | Str+3}
 13683 | D:9      | Found a staircase to the Orcish Mines.
 14924 | D:9      | Reached *** piety under Cheibriados
 14931 | D:9      | Reached skill level 9 in Fire Magic
 14957 | D:9      | Reached **** piety under Cheibriados
 15058 | D:10     | Entered Level 10 of the Dungeon
 15499 | D:10     | Identified a scroll of acquirement
 15499 | D:10     | Acquired the amulet of Plog {rPois rF+ Regen+}
 15549 | D:10     | Identified the +2 robe "Eneec" {rPois rC- Str+3}
 15579 | D:10     | Identified the +1 leather armour "Queriad" {Str+4 Dex+2}
 16182 | D:11     | Noticed a manticore
 16199 | D:11     | Killed a manticore
 16312 | D:11     | Noticed an oklob plant
 16314 | D:11     | Found a staircase to the Lair.
 16314 | D:11     | Noticed an oklob plant
 16320 | D:11     | Killed an oklob plant
 16592 | D:11     | Killed an oklob plant
 17347 | D:5      | Reached ***** piety under Cheibriados
 17366 | D:5      | Killed kalagan's ghost
 17444 | D:6      | Killed crawlogic's ghost
 17445 | D:6      | Reached XP level 12. HP: 94/100 MP: 7/21
 17457 | D:6      | Killed crawlogic's ghost
 17757 | D:8      | Killed duchin's ghost
 17909 | D:12     | Noticed a boulder beetle
 17927 | D:12     | Killed a boulder beetle
 18141 | D:12     | Reached skill level 10 in Fire Magic
 18301 | D:12     | You are sucked into a shaft and drop 1 floor!
 18338 | D:12     | Noticed a two-headed ogre
 18345 | D:13     | Killed a two-headed ogre
 18598 | D:12     | Reached skill level 11 in Fire Magic
 19398 | D:13     | Reached skill level 12 in Fire Magic
 19587 | D:13     | Noticed a boulder beetle
 19628 | D:13     | Killed a boulder beetle
 19953 | D:13     | Reached skill level 13 in Fire Magic
 20412 | D:7      | Bought a +4 ring of evasion for 468 gold pieces
 21352 | D:14     | Learned a level 5 spell: Fireball
 21371 | D:14     | Reached XP level 13. HP: 61/108 MP: 7/22
 21675 | D:14     | Noticed Azrael
 21827 | D:14     | Found a shimmering altar of Xom.
 21931 | D:15     | Entered Level 15 of the Dungeon
 21973 | D:14     | HP: 4/111 [Azrael/damnation (55)]
 22144 | D:14     | Reached skill level 10 in Conjurations
 22262 | D:14     | Found a gate to the Vaults.
 22604 | Lair:1   | Entered Level 1 of the Lair of Beasts
 22700 | Lair:1   | Found a shadowy altar of Dithmenos.
 22711 | Lair:1   | Reached skill level 10 in Fighting
 22827 | Lair:1   | Noticed Joseph
 22843 | Lair:1   | Killed Joseph
 23794 | Lair:2   | Found a staircase to the Swamp.
 23866 | Lair:2   | Learned a level 4 spell: Olgreb's Toxic Radiance
 24285 | Lair:2   | Reached skill level 1 in Poison Magic
 25204 | Lair:3   | Reached XP level 14. HP: 122/122 MP: 7/23
 25332 | Lair:3   | Found a staircase to the Snake Pit.
 26382 | Lair:4   | Reached ****** piety under Cheibriados
 27056 | Lair:4   | Identified the +5 leather armour "Seyh" {+Blink Will+}
 27477 | Lair:5   | Found a viscous altar of Jiyva.
 27478 | Lair:5   | Found a staircase to the Slime Pits.
 27516 | Lair:5   | Reached skill level 5 in Poison Magic
 28262 | Lair:6   | Entered Level 6 of the Lair of Beasts
 28429 | Lair:6   | Noticed Kaptain's ghost (journeyman GrEE)
 29935 | Lair:6   | Found a runed translucent gate.
 29935 | Lair:6   | Found a runed translucent gate.
 29935 | Lair:6   | Found a runed translucent gate.
 30028 | Lair:6   | Reached XP level 15. HP: 121/128 MP: 27/27
 30622 | Orc:1    | Entered Level 1 of the Orcish Mines
 30869 | Orc:1    | Paralysed by an orc sorcerer for 2 turns
 31194 | Orc:2    | Entered Level 2 of the Orcish Mines
 31958 | Orc:1    | Learned a level 4 spell: Dispel Undead
 32191 | Orc:2    | Found Hadeaqypn's Jewellery Boutique.
 32191 | Orc:2    | Found Vahyet's Distillery.
 32194 | Orc:2    | Found Xickuar's General Store.
 32196 | Orc:2    | Found Nusocveth's Weapon Shoppe.
 32200 | Orc:2    | Bought a potion of heal wounds for 75 gold pieces
 32200 | Orc:2    | Bought a potion of berserk rage for 75 gold pieces
 32209 | Orc:2    | Bought a +5 broad axe for 527 gold pieces
 32281 | Orc:2    | Reached skill level 1 in Necromancy
 32381 | Orc:2    | Found Nanesis's Self-Improvement Boutique.
 32404 | Orc:2    | Found a roughly hewn altar of Beogh.
 32430 | Orc:2    | Found a staircase to the Elven Halls.
 32936 | D:14     | Killed Azrael
 33267 | D:14     | Reached skill level 10 in Invocations
 33662 | D:15     | Reached skill level 5 in Necromancy
 33773 | D:15     | Found a broken altar of Ashenzari.
 34216 | D:15     | Found a staircase to the Depths.
 34654 | Depths:1 | Entered Level 1 of the Depths
 34700 | Depths:1 | HP: 2/128 [caustic shrike simulacrum[a necromancer] (49)]
 34700 | Depths:1 | Mangled by a caustic shrike simulacrum

Illustrated notes

Levels and vault maps discovered:
D:1:      noname_arrival_rooms_in_the_neighbourhood, layout_basic,
          shapermc_ecumenical_altar_flowoftime, grunt_decor_clamped,
          chequers_serial_rivers_large_b
D:2:      minmay_chambers_of_ones, layout_basic, minmay_misc_feat_tiny,
          uniq_jessica, uniq_robin, uniq_sigmund
D:3:      layout_basic, nicolae_dithmenos_the_darkroom, minivault_5,
          minmay_tree_intersection, hangedman_abyss_or_decor_stabs,
          minmay_statues_item, uniq_crazy_yiuf_cottage, uniq_terence
D:4:      layout_gridville, kennysheep_okawaru_gauntlet
D:5:      layout_basic, mainiacjoe_overflow_surrounded_room,
          gammafunk_temple_overflow_pools, gammafunk_ghost_hive
D:6:      layout_loops_corners, lemuel_coloured_pillars_altar, temple_fountains,
          gammafunk_ghost_cemetery, grunt_tough_drop
D:7:      layout_basic, serial_shops, nicolae_square_shop, minmay_mini_ossuary
D:8:      layout_basic, nicolae_sif_muna_condensation,
          lemuel_mausoleum_altar_yredelemnul, gammafunk_ghost_grave,
          hangedman_decor_clover_reticule
D:9:      layout_loops_ring, orc_david_3, enter_bailey_6, special_room
          [special_room_bee], minmay_variable_closet
D:10:     layout_small_grid, serial_glass, glass_columns_a, glass_columns_b,
          kennysheep_generic_room_4
D:11:     layout_grid_maze, dpeg_oklobed_lair
D:12:     layout_rooms, serial_aquarium, aquarium_bridge_square
          [aquarium_subvault_bridge, aquarium_subvault_balcony,
          aquarium_subvault_window, aquarium_subvault_balcony],
          aquarium_window_1, aquarium_window_corner, aquarium_view_2e,
          aquarium_view_2b
D:13:     layout_irregular_city, roderic_roman_lattice
D:14:     layout_rooms, erik_vaults_1, xom_teletrap_fun, uniq_azrael
D:15:     hangedman_depths_entry_try_elsewhere_first, layout_small_grid,
          ashenzari_altar_1
Temple:   eino_narrow_crystal_temple
Lair:1:   layout_chaotic_city, basic_altar, uniq_joseph
Lair:2:   layout_cave_pods, swamp_mist, infiniplex_staircase_pool,
          lemuel_fruit_tree
Lair:3:   layout_concentric_octagons, minmay_snake_entry_guardpost_medium,
          minivault_25
Lair:4:   hellmonk_destroyed_diamonds, layout_cave_pods, grunt_megastairs_5
Lair:5:   layout_regular_city, slime_altar_1, bobbens_ice_dragon_lair
Lair:6:   guppyfry_lair_end_dragon, layout_loops_ring, gammafunk_ghost_split,
          nzn_sisyphean_effort, infiniplex_staircase_pool_2
Orc:1:    layout_caves
Orc:2:    st_orc_rangers, layout_caves, basic_altar, nicolae_shop_self_help
Depths:1: layout_gridlike, abyss_entry_flame_altar, grunt_hell_entry_dis_old,
          dk_noncrumbling_2, minivault_12, kennysheep_random_hallway

Skill      XL: |  1  2  3  4  5  6  7  8  9 10 11 12 13 14 15 |
---------------+----------------------------------------------+-----
Fighting       | 1 6 7 8 10 | 10.6
Axes           | 1 2 4 7 9 |  9.2
Conjurations   | 2 3 4 7 8 9 11 | 11.1
Fire Magic     | 4 6 8 9 13 | 13.0
Shields        | 3 |  3.8
Spellcasting   | 2 3 5 6 8 9 |  9.1
Maces & Flails | 5 |  5.3
Armour         | 5 6 |  6.2
Invocations    | 3 6 8 9 10 | 10.0
Evocations     | 3 4 |  4.7
Dodging        | 2 3 |  3.8
Poison Magic   | 2 7 8 |  8.0
Necromancy     | 7 |  7.6
Stealth        | |  1.5

Action                   |  1- 3 |  4- 6 |  7- 9 | 10-12 | 13-15 || total
-------------------------+-------+-------+-------+-------+-------++-------
Melee: Short sword       |    14 |       |       |       |       ||    14
       Punch             |     1 |       |       |       |       ||     1
       Hand axe          |     9 |    67 |    91 |       |       ||   167
       War axe           |       |       |    30 |   400 |   338 ||   768
       Broad axe         |       |       |       |       |   546 ||   546
 Cast: Foxfire           |    31 |    37 |    49 |    53 |     1 ||   171
       Scorch            |     3 |    22 |    68 |   107 |    20 ||   220
       Flame Wave        |       |       |     1 |    31 |    21 ||    53
       Fireball          |       |       |       |     1 |    77 ||    78
       Olgreb's Toxic Ra |       |       |       |       |    28 ||    28
       Dispel Undead     |       |       |       |       |    10 ||    10
Invok: Slouch            |       |       |       |     1 |     3 ||     4
       Step From Time    |       |       |       |       |     2 ||     2
Evoke: Wand              |       |     5 |     3 |    19 |    15 ||    42
       Box of beasts     |       |       |       |       |     1 ||     1
  Use: Scroll            |     8 |     6 |     8 |    12 |    18 ||    52
       Potion            |     1 |     2 |     2 |     3 |     5 ||    13
 Stab: Sleeping          |       |       |     1 |     6 |     6 ||    13
       Distracted        |       |       |       |     1 |     1 ||     2
Armor: Robe              |     7 |    22 |    34 |       |       ||    63
       Leather armour    |       |       |    30 |   260 |   370 ||   660
       Skin              |       |       |       |     6 |       ||     6
Dodge: Dodged            |    40 |    75 |   114 |   345 |  1099 ||  1673
       Repelled          |       |       |       |     7 |     9 ||    16
Block: Buckler           |       |     7 |    52 |   255 |   525 ||   839
